 Dungeon Crawl Stone Soup version 0.29.0-10-g45618ea6d2 (webtiles) character file.

Game seed: 9712810152639366613

46 voltaire321 the Insei (level 3, 0/27 HPs)
             Began as a Merfolk Transmuter on Sept 1, 2022.
             Slain by a gnoll
             ... wielding a +0 halberd
              (4 damage)
             ... on level 2 of the Dungeon.
             The game lasted 00:03:51 (1555 turns).

voltaire321 the Insei (Merfolk Transmuter)          Turns: 1555, Time: 00:03:52

Health: 0/27       AC:  6    Str: 10    XL:     3   Next: 66%
Magic:  4/6        EV: 12    Int: 12    God:
Gold:   16         SH:  0    Dex: 16    Spells: 0/6 levels left

rFire   . . .      SeeInvis .   d - +1 spear (vamp)
rCold   . . .      Faith    .   (no shield)
rNeg    . . .      Spirit   .   i - +3 leather armour
rPois   .          Reflect  .   (helmet currently unavailable)
rElec   .          Harm     .   (no cloak)
rCorr   .          Rampage  .   (no gloves)
Will    .....                   (boots currently unavailable)
Stlth   +.........              (no amulet)
HPRegen 0.09/turn               (no ring)
MPRegen 0.10/turn               (no ring)

@: appendages (expiring), wereblooded
A: horns 2, (nimble swimmer 2), mertail
a: End Transformation


You were on level 2 of the Dungeon.
You had temporarily grown beastly horns.
You visited 1 branch of the dungeon, and saw 2 of its levels.

You collected 16 gold pieces.

Inventory:

Hand Weapons
 d - a +1 vampiric spear (weapon)
Missiles
 a - 5 javelins
Armour
 i - a +3 leather armour (worn)
Scrolls
 f - 3 scrolls of enchant weapon {unknown}
 g - 2 scrolls of teleportation {unknown}
 j - 2 scrolls of identify {unknown}
 n - a scroll of torment {unknown}
Potions
 b - 2 potions of lignification
 c - a potion of mutation {unknown}
 e - a potion of might {unknown}
 h - a potion of resistance {unknown}
 k - a potion of curing {unknown}
 l - a potion of degeneration {unknown}
 m - 2 potions of brilliance {unknown}


   Skills:
 + Level 1.8 Fighting
 + Level 3.3 Dodging
 + Level 3.6 Unarmed Combat
 + Level 2.3 Spellcasting
 + Level 3.3 Transmutations
 + Level 0.2 Poison Magic


You couldn't memorise any spells.
You knew the following spells:

 Your Spells              Type           Power      Damage    Failure   Level
a - Beastly Appendage     Tmut           18%        N/A       9%          1
b - Wereblood             Tmut           9%         N/A       14%         2
c - Spider Form           Tmut/Pois      5%         N/A       45%         3

Your spell library contained the following spells:

 Spells                   Type           Power      Damage    Failure   Level
 Static Discharge         Conj/Air       1%         3-4/arc   47%         2
 Ignite Poison            Fire/Tmut/Pois 4%         N/A       54%         3
 Mephitic Cloud           Conj/Pois/Air  1%         N/A       71%         3
 Ice Form                 Ice/Tmut       5%         N/A       87%         4
 Dispel Undead            Necr           1%         3d6       98%         4
 Sticky Flame             Conj/Fire      1%         2d3       98%         4
 Freezing Cloud           Conj/Ice/Air   0%         6-21      100%        5


Dungeon Overview and Level Annotations

Branches:
Dungeon (2/15)

Altars:


Innate Abilities, Weirdness & Mutations

You have temporarily grown beastly horns.
((You are very nimble when in or above water. (Stealth+, EV+, Speed+++)))
Your lower body shifts to a powerful aquatic tail in water.


Message History

The gnoll shouts! x2
Casting: Beastly Appendage (safe; 9% risk of failure)
Confirm with . or Enter, or press ? or * to list all spells.
You grow a pair of large bovine horns.
Casting: Beastly Appendage (safe; 9% risk of failure)
Confirm with . or Enter, or press ? or * to list all spells.
Your blood is infused with primal strength.
You reach to attack!
You hit the gnoll.
The gnoll is moderately wounded.
The gnoll hits you from afar with a +0 halberd.
You reach to attack!
You closely miss the gnoll.
The gnoll is moderately wounded.
The gnoll hits you from afar with a +0 halberd!
You are too injured to fight recklessly!
You are too injured to fight recklessly!
You are too injured to fight recklessly!
You are too injured to fight recklessly!
Your transformation is almost over.
Unknown command.
Reach: d) +1 spear (vamp)
Press: ? - help, Dir - move target, f/p - gnoll
Aim: a gnoll, wielding a +0 halberd (moderately wounded, about 34% to evade your +1 vampiric spear)
You reach to attack!
You hit the gnoll.
You feel better.
The gnoll is severely wounded.
The gnoll misses you.
Reach: d) +1 spear (vamp)
Press: ? - help, Dir - move target, f/p - gnoll
Aim: a gnoll, wielding a +0 halberd (severely wounded, about 34% to evade your +1 vampiric spear)
You reach to attack!
You hit the gnoll.
The gnoll is almost dead.
The gnoll hits you from afar with a +0 halberd!
* * * LOW HITPOINT WARNING * * *
The gnoll closely misses you.
Reach: d) +1 spear (vamp)
Press: ? - help, Dir - move target, f/p - gnoll
Aim: a gnoll, wielding a +0 halberd (severely wounded, about 34% to evade your +1 vampiric spear)
You reach to attack!
You hit the gnoll.
The gnoll is almost dead.
The gnoll hits you from afar with a +0 halberd.
You die...

#...# #.###.# #......
###†# #.....# #...... #
#.##+##### #######
#...... # #........#
#...... ##.......#
#..#### #.......#
#.....+ #.......#
#.#####
#.......######## #.# #
#.......#....@.#
#.#####
#.......#.####.#
#...... #.###.....##
#g# ##'#### #. ####...#
#g# #.## #. ##..###.#
######..## #....#.##
#........## #.##....#
#.<...♣...'
...####..####....)...##
###.# #....#######..##.


You could see 2 gnolls.

Vanquished Creatures
  A dart slug (D:1)
  5 bats
  3 endoplasms (D:1)
  4 giant cockroaches
  4 goblins
  4 hobgoblins
  3 jackals (D:2)
  A quokka (D:1)
  6 ball pythons
  2 kobolds
  4 rats
37 creatures vanquished.

Notes
Turn   | Place    | Note
-------+----------+-------------------------------------------
     0 | D:1      | voltaire321 the Merfolk Transmuter began the quest for the
                  | Orb.
     0 | D:1      | Reached XP level 1. HP: 15/15 MP: 3/3
    85 | D:1      | Reached XP level 2. HP: 18/21 MP: 3/5
   490 | D:1      | Reached XP level 3. HP: 25/26 MP: 4/6
   538 | D:1      | Learned a level 2 spell: Wereblood
   542 | D:1      | Learned a level 3 spell: Spider Form
  1378 | D:2      | Found a faded altar of an unknown god.
  1555 | D:2      | Slain by a gnoll

Illustrated notes

Levels and vault maps discovered:
D:1:      wheals_arrival_shading, layout_basic
D:2:      layout_basic, basic_ecumenical_altar, chequers_serial_rivers_marsh,
          grunt_ministairs_14

Skill      XL: |  1  2 |
---------------+-------+-----
Dodging        | 3 |  3.3
Transmutations | 3 |  3.3
Fighting       | |  1.8
Unarmed Combat | |  3.6
Spellcasting   | |  2.3
Poison Magic   | |  0.2

Action                   || total
-------------------------++-------
Melee: Unarmed           ||    19
       Headbutt          ||     8
       Spear             ||    95
       Punch             ||     1
 Cast: Beastly Appendage ||    16
       Wereblood         ||     1
 Stab: Sleeping          ||     4
       Distracted        ||     1
Armor: Robe              ||    19
Dodge: Dodged            ||    63
